 Dungeon Sprint DCSS version 0.23.0-2-g0fe3ce5 (webtiles) character file.

Game seed: 4036486826810378214

97 nuthulu the Blocker (level 4, 0/42 HPs)
             Began as a Naga Fighter on Feb 19, 2019.
             Was a Follower of Cheibriados.
             Killed from afar by an air elemental (7 damage)
             ... with a tornado
             ... in the Dungeon (Sprint V: "Ziggurat Sprint").
             The game lasted 00:01:26 (102 turns).

nuthulu the Blocker (Naga Fighter)                   Turns: 102, Time: 00:01:27

Health: 0/42       AC: 22    Str: 34    XL:     4   Next: 68%
Magic:  4/4        EV:  1    Int: 11    God:    Cheibriados [*.....]
Gold:   0          SH: 31    Dex: 14    Spells: 3/3 levels left

rFire    . . .     SeeInvis +   F - +14 obsidian axe {chop, +Fly SInv *Curse} (curse)
rCold    . . .     Gourm    .   H - +18 shield of the Gong {rElec rN+ MR+ EV-5}
rNeg     + . .     Faith    .   G - +15 Maxwell's patent armour {-Cast -Tele rElec MR+ rCorr}
rPois    +         Spirit   .   (no helmet)
rElec    +         Reflect  .   (no cloak)
rCorr    +         Harm     .   (no gloves)
MR       ++...     NoTele   +   (no barding) Stlth ..........NoCast +
                                (no amulet)
HPRegen  0.14/turn              D - +6 ring of strength
MPRegen  0.09/turn              E - +6 ring of strength

@: flying (expiring), mesmerised, very slow
A: large, see invisible, deformed body, poison resistance, slowness 2, slow
metabolism 1, spit poison 1, AC +1
a: Spit Poison, Bend Time, Renounce Religion


You were in the Dungeon.
You worshipped Cheibriados.
Cheibriados was aware of your devotion.
You were not hungry.

You visited 1 branch

Inventory:

Hand Weapons
 F - the cursed +14 obsidian axe (weapon) {chop, +Fly SInv *Curse}
   (You found it in the Dungeon)

   It inflicts extra damage upon your enemies.
   It lets you see invisible.
   It lets you fly.
   It curses itself when equipped.
   It has a curse placed upon it.
Armour
 G - the +15 Maxwell's patent armour (worn) {-Cast -Tele rElec MR+ rCorr}
   (You found it in the Dungeon)

   It insulates you from electricity.
   It affects your resistance to hostile enchantments.
   It prevents spellcasting.
   It prevents most forms of teleportation.
   It provides partial protection from all sources of acid and corrosion.
 H - the +18 shield of the Gong (worn) {rElec rN+ MR+ EV-5}
   (You found it in the Dungeon)

   It affects your evasion (-5).
   It insulates you from electricity.
   It protects you from negative energy.
   It affects your resistance to hostile enchantments.
Jewellery
 z - a +6 ring of dexterity
 A - a +6 ring of dexterity
 B - a +6 ring of intelligence
 C - a +6 ring of intelligence
 D - a +6 ring of strength (left hand)
 E - a +6 ring of strength (right hand)
Wands
 w - a wand of disintegration (7)
 x - a wand of iceblast (7)
 y - a wand of acid (7)
Scrolls
 k - 4 scrolls of blinking
 q - 4 scrolls of amnesia
 r - 7 scrolls of fog
 s - a scroll of holy word
 t - 5 scrolls of identify
 u - 5 scrolls of remove curse
 v - 2 scrolls of fear
Potions
 d - 6 potions of might
 e - 10 potions of curing
 g - 6 potions of heal wounds
 i - 7 potions of magic
 l - 2 potions of brilliance
 m - 2 potions of invisibility
 n - 4 potions of resistance
 p - 5 potions of agility
Comestibles
 f - 7 rations


   Skills:
 - Level 3.0 Fighting
 - Level 2.0 Axes
 - Level 2.4 Armour
 + Level 0.2 Dodging
 + Level 9.0 Shields


You had 3 spell levels left.
You didn't know any spells.
Your spell library was empty.

Dungeon Overview and Level Annotations

Branches:
Dungeon (1/1)

Altars:
Ashenzari
Cheibriados
Dithmenos
Elyvilon
Fedhas
Gozag
Hepliaklqana
Kikubaaqudgha
Makhleb
Nemelex Xobeh
Okawaru
Qazlal
Ru
Sif Muna
Trog
Uskayaw
Vehumet
Wu Jian
Xom
Yredelemnul
Zin
The Shining One
Beogh
Jiyva
Lugonu

Annotations:
D 1 transporter


Innate Abilities, Weirdness & Mutations

You cannot wear boots.
Your serpentine skin is tough. (AC +1)
You have supernaturally acute eyesight. (SInv)
Armour fits poorly on your strangely shaped body.
Your system is resistant to poisons. (rPois)
You cover ground very slowly.
You have a slow metabolism.
You can spit poison.


Message History

You closely miss the air elemental.
You are engulfed in raging winds.
The winds around the air elemental calm down.
You block the air elemental's attack.
SHROANNG!
The air elemental hits you but does no damage.
You block the air elemental's attack.
GONNNNG!
You block the air elemental's attack.
SHROANNG!
A vortex of raging winds appears around the air elemental!
The air elemental hits you. The air elemental hits you!
The air elemental hits you.
You miss the air elemental.
The air elemental is heavily damaged.
You miss the air elemental.
You are engulfed in raging winds.
You float gracefully downwards.
The vortex of raging winds lifts you up.
You fly up into the air.
* * * LOW HITPOINT WARNING * * *
You die...

▓▓▓▓▓▓▓▓▓▓▓▓▓
▓§8§8§▓.8©8.▓
▓§@§E§▓.....▓
▓§§E§§▓.[.!.▓
▓§§§§§▓.....▓
▓§§§§§▓..†!.▓
▓§§§.§▓..©..▓
▓..©..▓▓▓▓▓▓▓
▓▓▓▓▓▓▓


You could see 2 air elementals.

Vanquished Creatures
  A bullfrog (D)
  An iguana (D)
2 creatures vanquished.

Vanquished Creatures (others)
  An insubstantial wisp (D)
1 creature vanquished.

Grand Total: 3 creatures vanquished

Notes
Turn   | Place    | Note
-------+----------+-------------------------------------------
     0 | D        | Found the +6 Majin-Bo {vamp, Archmagi MP+6 Int+6}
     0 | D        | Found the +7 great mace "Firestarter" {inner flame, rF++}
     0 | D        | nuthulu the Naga Fighter began the quest for the Orb.
     0 | D        | Reached XP level 1. HP: 21/21 MP: 1/1
     0 | D        | Found a deep blue altar of Sif Muna.
     0 | D        | Found a sacrificial altar of Ru.
     0 | D        | Found a bloodstained altar of Trog.
     0 | D        | Found a stormy altar of Qazlal.
     0 | D        | Found an iron altar of Okawaru.
     0 | D        | Found a sparkling altar of Nemelex Xobeh.
     0 | D        | Found a blossoming altar of Fedhas.
     2 | D        | Found a transporter.
     2 | D        | Found an ancient bone altar of Kikubaaqudgha.
     2 | D        | Found a viscous altar of Jiyva.
     2 | D        | Found a corrupted altar of Lugonu.
     2 | D        | Found a hazy altar of Hepliaklqana.
     2 | D        | Found a burning altar of Makhleb.
     2 | D        | Found an opulent altar of Gozag.
    17 | D        | Found the +9 heavy crossbow "Sniper" {velocity, Acc+∞ SInv}
    17 | D        | Found the +10 dark maul {crush}
    17 | D        | Found the +15 Maxwell's patent armour {-Cast -Tele rElec
                  | MR+ rCorr}
    17 | D        | Found the +18 shield of the Gong {rElec rN+ MR+ EV-5}
    17 | D        | Found the cursed +14 obsidian axe {chop, +Fly SInv *Curse}
    56 | D        | Became a worshipper of Cheibriados the Contemplative
    64 | D        | Reached skill level 6 in Shields
    64 | D        | Reached XP level 2. HP: 28/28 MP: 2/2
    72 | D        | Entered arena 2.
    72 | D        | Noticed a bullfrog
    72 | D        | Found a transporter.
    74 | D        | Killed a bullfrog
    74 | D        | Reached skill level 8 in Shields
    74 | D        | Reached XP level 3. HP: 34/34 MP: 3/3
    74 | D        | Reached XP level 4. HP: 42/42 MP: 4/4
    78 | D        | Reached * piety under Cheibriados
    78 | D        | Reached skill level 9 in Shields
    86 | D        | Entered arena 3.
    86 | D        | Noticed an insubstantial wisp
    86 | D        | Noticed an air elemental
    86 | D        | Noticed an air elemental
    86 | D        | Found a transporter.
    87 | D        | Killed an insubstantial wisp
   102 | D        | Killed from afar by an air elemental

Skill      XL: |  1  2  3  4 |
---------------+-------------+-----
Shields        | 6 8 9 |  9.0
Fighting       | |  3.0
Axes           | |  2.0
Armour         | |  2.4
Dodging        | |  0.2

Action                   |  1- 3 |  4- 6 || total
-------------------------+-------+-------++-------
Melee: Broad axe         |     2 |    14 ||    16
  Use: Potion            |     1 |     4 ||     5
Armor: Plate armour      |       |    27 ||    27
Block: Shield            |     2 |    59 ||    61
